SAAA
ROYSE CITY TARGARYENS @ TREMONT DOUBLEDAYS
05/27/2019
 
TOP OF THE 1ST
Royse City Targaryens batting - Pitching for Tremont Doubledays : LHP Allan Strawson
Pitching: LHP Allan Strawson
Batting: RHB Martin Young 0-0: Called Strike
0-1: Ball
1-1: Ball
2-1: Foul Ball, location: 2F
2-2: Ball
3-2: Base on Balls
Batting: RHB Spencer Curry 0-0: Foul Ball, location: 2F
0-1: Ball
1-1: Foul Ball, location: 2F
1-2: Strikes out swinging
Batting: RHB António Alvarado 0-0: SINGLE (Groundball, 4MD)
Martin Young to second
Batting: LHB Morgan Carney 0-0: Ball
1-0: Ball
2-0: Ball
3-0: Base on Balls
Martin Young to third
António Alvarado to second
Batting: RHB Miguel Saldaña 0-0: Called Strike
0-1: Called Strike
0-2: Fly out, F9 (Flyball, 9LM)
Runner from 3rd tags up, SCORES, no throw
Batting: RHB Will Thomas 0-0: Called Strike
0-1: Swinging Strike
0-2: Ball
1-2: Ball
2-2: Foul Ball, location: 2F
2-2: Foul Ball, location: 2F
2-2: Strikes out swinging
Top of the 1st over - 1 run(s), 1 hit(s), 0 error(s), 2 left on base; Royse City 1 - Tremont 0
BOTTOM OF THE 1ST
Tremont Doubledays batting - Pitching for Royse City Targaryens : RHP Stanley Neal
Pitching: RHP Stanley Neal
Batting: RHB Dan Curtis 0-0: Ball
1-0: Ground out 4-3 (Groundball, 4S)
Batting: RHB Bryan Wilson 0-0: Ball
1-0: Swinging Strike
1-1: Foul Ball, location: 2F
1-2: Fly out, F8 (Flyball, 8LM)
Batting: RHB Kazunori Ito 0-0: Ball
1-0: Called Strike
1-1: Ball
2-1: Ground out 5-3 (Groundball, 5)
Bottom of the 1st over - 0 run(s), 0 hit(s), 0 error(s), 0 left on base; Royse City 1 - Tremont 0
TOP OF THE 2ND
Royse City Targaryens batting - Pitching for Tremont Doubledays : LHP Allan Strawson
Batting: RHB Johnny Foster 0-0: Called Strike
0-1: Ball
1-1: Called Strike
1-2: Ball
2-2: Ground out 5-3 (Groundball, 5S)
Batting: LHB Jack Schmitt 0-0: Swinging Strike
0-1: Ball
1-1: Foul Ball, location: 2F
1-2: Strikes out looking
Batting: LHB Markus Richardson 0-0: Ball
1-0: Called Strike
1-1: Called Strike
1-2: Foul Ball, location: 2F
1-2: Strikes out swinging
Top of the 2nd over - 0 run(s), 0 hit(s), 0 error(s), 0 left on base; Royse City 1 - Tremont 0
BOTTOM OF THE 2ND
Tremont Doubledays batting - Pitching for Royse City Targaryens : RHP Stanley Neal
Batting: RHB Hank Wilder 0-0: DOUBLE (Line Drive, 8LM)
Batting: SHB Carroll Kline 0-0: Foul Ball, location: 2F
0-1: Swinging Strike
0-2: SINGLE (Line Drive, 9S)
Hank Wilder to third
Batting: RHB Claudio Mendoza 0-0: Ball
1-0: Ball
2-0: Called Strike
2-1: Foul Ball, location: 2F
2-2: Foul Ball, location: 2F
2-2: Strikes out looking
Batting: LHB Arturo Acosta 0-0: Ball
1-0: Ball
2-0: Foul Ball, location: 2F
2-1: Ball
3-1: Base on Balls
Carroll Kline to second
Batting: SHB Colm Neal 0-0: Called Strike
0-1: Ball
1-1: Called Strike
1-2: Strikes out swinging
Batting: RHB James Peterson 0-0: Swinging Strike
0-1: Ball
1-1: Fly out, F6 (Popup, 56D)
Bottom of the 2nd over - 0 run(s), 2 hit(s), 0 error(s), 3 left on base; Royse City 1 - Tremont 0
TOP OF THE 3RD
Royse City Targaryens batting - Pitching for Tremont Doubledays : LHP Allan Strawson
Batting: RHB Martin Young 0-0: Called Strike
0-1: SINGLE (Line Drive, 6MD)
Batting: RHB Spencer Curry 0-0: Called Strike
0-1: Ball
1-1: Ball
2-1: Ball
3-1: Foul Ball, location: 2F
3-2: Base on Balls
Martin Young to second
Batting: RHB António Alvarado 0-0: Ball
1-0: Ball
2-0: Ball
3-0: Base on Balls
Martin Young to third
Spencer Curry to second
Batting: LHB Morgan Carney 0-0: SINGLE (Line Drive, 34D)
Martin Young scores
Spencer Curry to third
António Alvarado to second
Batting: RHB Miguel Saldaña 0-0: Ball
1-0: Ball
Wild Pitch!
Spencer Curry scores
António Alvarado to third
Morgan Carney to second
2-0: Ground out 4-3 (Groundball, 4)
António Alvarado scores
Morgan Carney to third
Batting: RHB Will Thomas 0-0: Ball
1-0: Ball
2-0: Foul Ball, location: 2F
2-1: Ball
3-1: Foul Ball, location: 2F
3-2: SINGLE (Line Drive, 6M)
Morgan Carney scores
Pitching: RHP Larry Branch
Batting: RHB Johnny Foster 0-0: Ball
1-0: Ground out 4-3 (Groundball, 4M)
Will Thomas to second
Batting: LHB Jack Schmitt 0-0: Called Strike
0-1: Ball
1-1: Ball
2-1: Called Strike
2-2: Strikes out swinging
Top of the 3rd over - 4 run(s), 3 hit(s), 0 error(s), 1 left on base; Royse City 5 - Tremont 0
BOTTOM OF THE 3RD
Tremont Doubledays batting - Pitching for Royse City Targaryens : RHP Stanley Neal
Batting: RHB Dan Curtis 0-0: Ball
1-0: Foul Ball, location: 2F
1-1: Ball
2-1: Foul Ball, location: 2F
2-2: Ball
3-2: Fly out, F3 (Popup, 3F)
Batting: RHB Bryan Wilson 0-0: Foul Ball, location: 2F
0-1: Swinging Strike
0-2: Ball
1-2: Ground out 4-3 (Groundball, 4)
Batting: RHB Kazunori Ito 0-0: Foul Ball, location: 2F
0-1: Ball
1-1: Foul Ball, location: 2F
1-2: Foul Ball, location: 2F
1-2: Ground out 1-3 (Groundball, 2L)
Bottom of the 3rd over - 0 run(s), 0 hit(s), 0 error(s), 0 left on base; Royse City 5 - Tremont 0
TOP OF THE 4TH
Royse City Targaryens batting - Pitching for Tremont Doubledays : RHP Larry Branch
Batting: LHB Markus Richardson 0-0: Ball
1-0: Swinging Strike
1-1: Called Strike
1-2: Foul Ball, location: 2F
1-2: Strikes out swinging
Batting: RHB Martin Young 0-0: Called Strike
0-1: Swinging Strike
0-2: Ball
1-2: Ground out 4-3 (Groundball, 4MD)
Batting: RHB Spencer Curry 0-0: Ball
1-0: Ball
2-0: Swinging Strike
2-1: Fly out, F7 (Flyball, 7M)
Top of the 4th over - 0 run(s), 0 hit(s), 0 error(s), 0 left on base; Royse City 5 - Tremont 0
BOTTOM OF THE 4TH
Tremont Doubledays batting - Pitching for Royse City Targaryens : RHP Stanley Neal
Batting: RHB Hank Wilder 0-0: Called Strike
0-1: Ball
1-1: Ball
2-1: Fly out, F6 (Popup, 6MD)
Batting: SHB Carroll Kline 0-0: Ball
1-0: Called Strike
1-1: Ball
2-1: Ground out 4-3 (Groundball, 4)
Batting: RHB Claudio Mendoza 0-0: Foul Ball, location: 2F
0-1: Ground out 6-3 (Groundball, 6)
Bottom of the 4th over - 0 run(s), 0 hit(s), 0 error(s), 0 left on base; Royse City 5 - Tremont 0
TOP OF THE 5TH
Royse City Targaryens batting - Pitching for Tremont Doubledays : RHP Larry Branch
Batting: RHB António Alvarado 0-0: Ground out 3-1 (Groundball, 34)
Batting: LHB Morgan Carney 0-0: Swinging Strike
0-1: Foul Ball, location: 2F
0-2: Ball
1-2: Ball
2-2: Foul Ball, location: 2F
2-2: Ball
3-2: Fly out, F6 (Line Drive, 6)
Batting: RHB Miguel Saldaña 0-0: Ball
1-0: Swinging Strike
1-1: Ball
2-1: Foul Ball, location: 2F
2-2: Strikes out swinging
Top of the 5th over - 0 run(s), 0 hit(s), 0 error(s), 0 left on base; Royse City 5 - Tremont 0
BOTTOM OF THE 5TH
Tremont Doubledays batting - Pitching for Royse City Targaryens : RHP Stanley Neal
Batting: LHB Arturo Acosta 0-0: Ground out U3 (Groundball, 3)
Batting: SHB Colm Neal 0-0: Ball
1-0: Foul Ball, location: 2F
1-1: Foul Ball, location: 2F
1-2: Foul Ball, location: 2F
1-2: Foul Ball, location: 2F
1-2: Foul Ball, location: 2F
1-2: Ball
2-2: Foul Ball, location: 2F
2-2: Strikes out swinging
Batting: RHB James Peterson 0-0: Ball
1-0: SOLO HOME RUN (Flyball, 7D), Distance : 415 ft
Batting: RHB Dan Curtis 0-0: Fly out, F2 (Popup, 2RF)
Bottom of the 5th over - 1 run(s), 1 hit(s), 0 error(s), 0 left on base; Royse City 5 - Tremont 1
TOP OF THE 6TH
Royse City Targaryens batting - Pitching for Tremont Doubledays : RHP Larry Branch
Batting: RHB Will Thomas 0-0: Foul Ball, location: 2F
0-1: Ball
1-1: SINGLE (Line Drive, 6MD)
Batting: RHB Johnny Foster 0-0: Swinging Strike
0-1: Swinging Strike
0-2: Ball
Will Thomas steals 2nd base
1-2: SINGLE (Line Drive, 6D)
Will Thomas to third
Batting: LHB Jack Schmitt 0-0: SINGLE (Line Drive, 56D)
Will Thomas scores
Johnny Foster to second
Batting: LHB Markus Richardson 0-0: Ball
1-0: Ball
2-0: Called Strike
2-1: Ball
3-1: Grounds into double play, 5-4-3 (Groundball, 5)
Johnny Foster to third
Batting: RHB Martin Young 0-0: Ball
1-0: Called Strike
1-1: Ball
2-1: Fly out, F8 (Flyball, 8RM)
Top of the 6th over - 1 run(s), 3 hit(s), 0 error(s), 1 left on base; Royse City 6 - Tremont 1
BOTTOM OF THE 6TH
Tremont Doubledays batting - Pitching for Royse City Targaryens : RHP Stanley Neal
Batting: RHB Bryan Wilson 0-0: Swinging Strike
0-1: Ground out 4-3 (Groundball, 4M)
Batting: RHB Kazunori Ito 0-0: Ball
1-0: Ground out 4-3 (Groundball, 4)
Batting: RHB Hank Wilder 0-0: Called Strike
0-1: Ball
1-1: Swinging Strike
1-2: Ball
2-2: Ground out 6-3 (Groundball, 56)
Bottom of the 6th over - 0 run(s), 0 hit(s), 0 error(s), 0 left on base; Royse City 6 - Tremont 1
TOP OF THE 7TH
Royse City Targaryens batting - Pitching for Tremont Doubledays : RHP Larry Branch
Pitching: RHP Raúl Rodríguez
Batting: RHB Spencer Curry 0-0: Ball
1-0: Called Strike
1-1: Ground out 1-3 (Groundball, 23)
Batting: RHB António Alvarado 0-0: Foul Ball, location: 2F
0-1: Swinging Strike
0-2: Strikes out swinging
Batting: LHB Morgan Carney 0-0: Ball
1-0: Called Strike
1-1: DOUBLE (Line Drive, 9D)
Batting: RHB Miguel Saldaña 0-0: Fly out, F6 (Popup, 56D)
Top of the 7th over - 0 run(s), 1 hit(s), 0 error(s), 1 left on base; Royse City 6 - Tremont 1
BOTTOM OF THE 7TH
Tremont Doubledays batting - Pitching for Royse City Targaryens : RHP Stanley Neal
Batting: SHB Carroll Kline 0-0: Swinging Strike
0-1: Ball
1-1: Foul Ball, location: 2F
1-2: Strikes out swinging
Batting: RHB Claudio Mendoza 0-0: Foul Ball, location: 2F
0-1: Foul Ball, location: 2F
0-2: Strikes out looking
Batting: LHB Arturo Acosta 0-0: Ball
1-0: SINGLE (Groundball, 34D)
Batting: SHB Colm Neal 0-0: Called Strike
0-1: Foul Ball, location: 2F
0-2: Ball
1-2: Foul Ball, location: 2F
1-2: Ball
2-2: Fly out, F9 (Flyball, 89S)
Bottom of the 7th over - 0 run(s), 1 hit(s), 0 error(s), 1 left on base; Royse City 6 - Tremont 1
TOP OF THE 8TH
Royse City Targaryens batting - Pitching for Tremont Doubledays : RHP Raúl Rodríguez
Batting: RHB Will Thomas 0-0: SINGLE (Line Drive, 7S)
Batting: RHB Johnny Foster 0-0: Ball
1-0: Fly out, F7 (Line Drive, 7M)
Batting: LHB Jack Schmitt 0-0: Ball
1-0: Called Strike
1-1: Fly out, F8 (Line Drive, 8RXD)
Batting: LHB Markus Richardson 0-0: Ball
Will Thomas steals 2nd base
1-0: Called Strike
1-1: Ball
2-1: Foul Ball, location: 2F
2-2: Ball
3-2: Strikes out swinging
Top of the 8th over - 0 run(s), 1 hit(s), 0 error(s), 1 left on base; Royse City 6 - Tremont 1
BOTTOM OF THE 8TH
Tremont Doubledays batting - Pitching for Royse City Targaryens : RHP Stanley Neal
Pitching: RHP Del Lamb
Batting: RHB James Peterson 0-0: Ball
1-0: Swinging Strike
1-1: Ball
2-1: Ball
3-1: Foul Ball, location: 2F
3-2: Strikes out swinging
Batting: RHB Dan Curtis 0-0: SINGLE (Line Drive, 89S)
Batting: RHB Bryan Wilson 0-0: Ball
1-0: Swinging Strike
1-1: Grounds into double play, 4-6-3 (Groundball, 4)
Bottom of the 8th over - 0 run(s), 1 hit(s), 0 error(s), 0 left on base; Royse City 6 - Tremont 1
TOP OF THE 9TH
Royse City Targaryens batting - Pitching for Tremont Doubledays : RHP Raúl Rodríguez
Batting: RHB Martin Young 0-0: Ball
1-0: Foul Ball, location: 2F
1-1: Foul Ball, location: 2F
1-2: Ball
2-2: Foul Ball, location: 2F
2-2: Ball
3-2: Foul Ball, location: 2F
3-2: Ground out 6-3 (Groundball, 6)
Batting: RHB Spencer Curry 0-0: Ball
1-0: Called Strike
1-1: Ball
2-1: Ball
3-1: Base on Balls
Batting: RHB António Alvarado 0-0: Called Strike
0-1: Foul Ball, location: 2F
0-2: Ground out 5-3 (Groundball, 56S)
Spencer Curry to second
Batting: LHB Morgan Carney 0-0: Intentional Walk
Batting: RHB Miguel Saldaña 0-0: Ball
Wild Pitch!
Spencer Curry to third
Morgan Carney to second
1-0: Ball
2-0: Ball
3-0: Base on Balls
Batting: RHB Will Thomas 0-0: Ball
1-0: Ball
2-0: Called Strike
2-1: Ball
3-1: Base on Balls
Spencer Curry scores
Morgan Carney to third
Miguel Saldaña to second
Batting: RHB Johnny Foster 0-0: Fielders Choice at 2nd, U6 (Groundball, 6M)
Top of the 9th over - 1 run(s), 0 hit(s), 0 error(s), 3 left on base; Royse City 7 - Tremont 1
BOTTOM OF THE 9TH
Tremont Doubledays batting - Pitching for Royse City Targaryens : RHP Del Lamb
Batting: RHB Kazunori Ito 0-0: Ball
1-0: Foul Ball, location: 2F
1-1: Ground out U3 (Groundball, 3L)
Batting: RHB Hank Wilder 0-0: Ball
1-0: SINGLE (Groundball, 4M)
Batting: SHB Carroll Kline 0-0: Ball
1-0: Swinging Strike
1-1: Ball
2-1: Ball
3-1: Swinging Strike
3-2: Foul Ball, location: 2F
3-2: Strikes out swinging
Batting: RHB Claudio Mendoza 0-0: Ball
1-0: Called Strike
1-1: Called Strike
1-2: Strikes out swinging
Bottom of the 9th over - 0 run(s), 1 hit(s), 0 error(s), 1 left on base; Royse City 7 - Tremont 1
This league is powered by Out of the Park Baseball, the baseball management simulation game for PC, Mac and Linux
Saturday, July 25th, 2015 - OOTP Baseball 15.6 Build 34